 Dungeon Crawl Stone Soup version 0.29.1-2-gbd0b4ee654 (webtiles) character file.

Game seed: 16389229070674871264

803 Barsook the Chopper (level 7, -2/61 HPs)
             Began as a Pale Draconian Monk on Nov 8, 2022.
             Slain by Edmund
             ... wielding a +3 vorpal dire flail
              (4 damage)
             ... on level 4 of the Dungeon.
             The game lasted 00:06:56 (4702 turns).

Barsook the Chopper (Pale Draconian Monk)           Turns: 4702, Time: 00:06:56

Health: -2/61      AC:  8    Str: 15    XL:     7   Next: 59%
Magic:  0/7        EV: 13    Int: 11    God:
Gold:   175        SH:  0    Dex: 13    Spells: 6/6 levels left

rFire   . . .      SeeInvis .   a - +0 hand axe (flame)
rCold   . . .      Faith    .   (no shield)
rNeg    . . .      Spirit   +   (body armour unavailable)
rPois   .          Reflect  .   (helmet restricted)
rElec   .          Harm     .   (no cloak)
rCorr   .          Rampage  .   (no gloves)
Will    .....                   d - +1 pair of boots
Stlth   ++........              i - amulet of guardian spirit
HPRegen 0.20/turn               (no ring)
MPRegen 0.10/turn               (no ring)

@: no status effects
A: breathe steam, AC +6, unfitting armour, cold-blooded, steam resistance
a: Breathe Steam


You were on level 4 of the Dungeon.
You visited 1 branch of the dungeon, and saw 4 of its levels.

You collected 175 gold pieces.

Inventory:

Hand Weapons
 a - a +0 hand axe of flaming (weapon)
Armour
 d - a +1 pair of boots (worn)
Jewellery
 h - a ring of magical power
 i - an amulet of guardian spirit (around neck)
Scrolls
 c - 2 scrolls of brand weapon
 e - a scroll of vulnerability
 g - a scroll of teleportation
Potions
 j - a potion of attraction


   Skills:
 + Level 5.1 Fighting
 + Level 6.5 Axes
 + Level 4.6 Dodging
 + Level 3.3 Stealth


You had 6 spell levels left.
You didn't know any spells.
Your spell library was empty.

Dungeon Overview and Level Annotations

Branches:
Dungeon (4/15)
 Temple: D:4-7

Altars:

Shops:
D:2 =

Annotations:
D:4 Edmund


Innate Abilities, Weirdness & Mutations

You can breathe blasts of scalding, opaque steam.
Your pale cyan-grey scales are hard. (AC +6)
You cannot fit into any form of body armour.
You are cold-blooded and may be slowed by cold attacks.
You are immune to the effects of steam.


Message History

You hit Edmund but do no damage.
Your tail-slap misses Edmund.
Edmund is lightly wounded.
Edmund zaps a wand.
The bolt of light hits you!
You are confused.
* * * LOW HITPOINT WARNING * * *
You barely miss Edmund.
Edmund is lightly wounded.
Edmund hits you with a +3 vorpal dire flail!
* * * LOW HITPOINT WARNING * * *
x2 You are too confused!
You are more confused.
You feel invigorated. Edmund barely misses you.
Edmund is nearby!
Edmund hits you with a +3 vorpal dire flail!
* * * LOW HITPOINT WARNING * * *
x2 You bump into the rock wall.
Edmund misses you.
You are too confused!
Edmund closely misses you. Edmund attacks as you move away!
Edmund hits you with a +3 vorpal dire flail.
* * * LOW HITPOINT WARNING * * *
x2 Edmund zaps a wand.
The bolt of light hits you but does no damage.
You feel less invigorated. Edmund barely misses you.
Edmund attacks as you move away! Edmund hits you but does no damage.
You feel less confused.
Edmund zaps a wand.
The bolt of light misses you. Edmund completely misses you.
You hit Edmund but do no damage.
Edmund is lightly wounded.
Edmund hits you with a +3 vorpal dire flail!
* * * LOW HITPOINT WARNING * * *
x2 You closely miss Edmund.
You tail-slap Edmund.
Edmund is moderately wounded.
Edmund barely misses you.
You hit Edmund but do no damage.
Edmund is moderately wounded.
Edmund hits you with a +3 vorpal dire flail!
* * * LOW HITPOINT WARNING * * *
You die...

.# .# . ######.##.#
#.......... #.........
#@..?.#.# #.@...# . #
#.)...# ..###.###.### #.#
......###.# ..#
#.........#### #.#
#..##.#......# ###.#####
#### #.......####.#
#.......# #..
..##.....#....#.###.......#


You could see Edmund.

Vanquished Creatures
  An ogre (D:4)
  4 scorpions (D:4)
  4 killer bees (D:4)
  A jelly (D:4)
  Natasha (thrice) (D:2)
  2 orc wizards (D:3)
  Robin (D:2)
  6 adders
  3 dart slugs
  9 orcs
  5 ball pythons
  8 endoplasms
  5 giant cockroaches
  12 goblins
  9 hobgoblins
  5 kobolds
  2 quokkas
  8 bats
  3 frilled lizards
  4 rats
95 creatures vanquished.

Vanquished Creatures (others)
  A goblin (D:4)
  11 fungi
  A plant (D:1)
13 creatures vanquished.

Grand Total: 108 creatures vanquished

Notes
Turn   | Place    | Note
-------+----------+-------------------------------------------
     0 | D:1      | Barsook the Draconian Monk began the quest for the Orb.
     0 | D:1      | Reached XP level 1. HP: 19/19 MP: 1/1
   696 | D:1      | Reached XP level 2. HP: 21/26 MP: 2/2
   932 | D:1      | Found a faded altar of an unknown god.
  1621 | D:2      | Reached XP level 3. HP: 10/33 MP: 3/3
  1818 | D:2      | Noticed Natasha
  1830 | D:2      | Killed Natasha
  1884 | D:2      | Noticed Natasha
  1900 | D:2      | Killed Natasha
  1901 | D:2      | Reached skill level 4 in Axes
  1901 | D:2      | Reached XP level 4. HP: 24/40 MP: 4/4
  1985 | D:2      | Noticed Natasha
  2001 | D:2      | Killed Natasha
  2119 | D:2      | Noticed Robin
  2127 | D:2      | Killed Robin
  2139 | D:2      | Reached XP level 5. HP: 40/46 MP: 5/5
  2255 | D:2      | Found Kemaesiy's Jewellery Shop.
  2764 | D:3      | Reached skill level 5 in Axes
  3597 | D:4      | Reached XP level 6. HP: 29/53 MP: 2/6
  4060 | D:4      | Your scales start taking on a pale cyan-grey colour.
  4060 | D:4      | Reached XP level 7. HP: 52/60 MP: 5/7
  4060 | D:4      | Gained mutation: You are immune to the effects of steam.
                  | [Pale Draconian growth]
  4061 | D:4      | Reached skill level 6 in Axes
  4291 | D:4      | Reached skill level 5 in Fighting
  4677 | D:4      | Noticed Edmund
  4702 | D:4      | HP: 2/61 [Edmund/+3 vorpal dire flail (10)]
  4702 | D:4      | Slain by Edmund

Illustrated notes

Levels and vault maps discovered:
D:1:      psy_arrival_whirlpool, layout_loops_corners,
          dreamdust_ecumenical_altar_grove, nrook_uturn
D:2:      layout_loops_ring, serial_shops, nicolae_diamond_shop,
          serial_park_tiny_1, item_on_display_a, uniq_robin, uniq_natasha
D:3:      layout_basic
D:4:      old_forge, layout_loops_cross, minmay_temple_entry_proselytizer,
          uniq_edmund

Skill      XL: |  1  2  3  4  5  6  7 |
---------------+----------------------+-----
Stealth        | 2 3 |  3.3
Dodging        | 3 4 |  4.6
Axes           | 4 5 6 |  6.5
Fighting       | 4 5 |  5.1

Action                   |  1- 3 |  4- 6 |  7- 9 || total
-------------------------+-------+-------+-------++-------
Melee: Hand axe          |   103 |   153 |    45 ||   301
       Tailslap          |    11 |    18 |     6 ||    35
       Punch             |     1 |     1 |       ||     2
  Use: Potion            |     4 |     4 |     2 ||    10
       Scroll            |     5 |     3 |     1 ||     9
 Stab: Sleeping          |     2 |     4 |     1 ||     7
Armor: Skin              |    35 |   107 |    15 ||   157
Dodge: Dodged            |    59 |   122 |    46 ||   227
